 Dungeon Crawl Stone Soup version 0.29-a0-834-g1e95ca9f62 (webtiles) character file.

Game seed: 11718932684194309112

4861 magipi the Spear-Bearer (level 10, 0/118 HPs)
             Began as a Merfolk Berserker on July 12, 2022.
             Was a Priest of Trog.
             Shot with a bolt by an orc warrior (15 damage)
             ... on level 9 of the Dungeon.
             The game lasted 00:21:30 (9132 turns).

magipi the Spear-Bearer (Merfolk Berserker)         Turns: 9132, Time: 00:21:31

Health: 0/118      AC: 10    Str: 22    XL:     10   Next: 50%
Magic:  10/10      EV: 15    Int:  7    God:    Trog [***...]
Gold:   460        SH:  4    Dex: 19    Spells: 9/9 levels left

rFire   . . .      SeeInvis .   a - +2 trident (vorpal)
rCold   . . .      Faith    .   y - +0 buckler
rNeg    . . .      Spirit   .   K - +1 ring mail {rPois}
rPois   +          Reflect  .   F - +1 helmet
rElec   .          Harm     .   (no cloak)
rCorr   .          Rampage  .   A - +0 pair of gloves
Will    .....                   (no boots)
Stlth   ..........              h - amulet of the acrobat
HPRegen 0.29/turn               b - +6 ring of dexterity
MPRegen 0.12/turn               (no ring)

@: berserking, very quick
A: (nimble swimmer 2), mertail
a: Renounce Religion, Berserk, Trog's Hand


You were on level 9 of the Dungeon.
You worshipped Trog.
Trog was most pleased with you.
You visited 1 branch of the dungeon, and saw 10 of its levels.

You collected 460 gold pieces.

Inventory:

Hand Weapons
 a - a +2 vorpal trident (weapon)
   (You took it off a gnoll sergeant on level 8 of the Dungeon)
 J - a +0 trident
   (You took it off an orc on level 5 of the Dungeon)
Missiles
 s - 2 javelins
 w - 3 throwing nets
 E - 5 boomerangs (quivered)
 H - 2 curare-tipped darts
Armour
 y - a +0 buckler (worn)
   (You found it on level 4 of the Dungeon)
 A - a +0 pair of gloves (worn)
   (You found it on level 5 of the Dungeon)
 F - a +1 helmet (worn)
   (You found it on level 7 of the Dungeon)
 K - a +1 ring mail of poison resistance (worn)
   (You took it off a gnoll sergeant on level 8 of the Dungeon)
Jewellery
 b - a +6 ring of dexterity (left hand)
   (You found it on level 2 of the Dungeon)
 h - an amulet of the acrobat (around neck)
   (You found it on level 1 of the Dungeon)
 q - a ring of ice
   (You found it on level 2 of the Dungeon)
Wands
 n - a wand of light (9)
   (You found it on level 7 of the Dungeon)
 p - a wand of mindburst (13)
   (You found it on level 2 of the Dungeon)
 x - a wand of flame (8)
   (You took it off Natasha on level 4 of the Dungeon)
Scrolls
 c - 2 scrolls of vulnerability {unknown}
 d - 5 scrolls of identify {unknown}
 e - 7 scrolls of teleportation {unknown}
 f - 3 scrolls of enchant weapon {unknown}
 g - a scroll of immolation
 j - 3 scrolls of fear {unknown}
 o - a scroll of silence {unknown}
 r - 3 scrolls of noise {unknown}
 D - 2 scrolls of poison {unknown}
 G - a scroll of torment {unknown}
 I - a scroll of magic mapping {unknown}
 L - a scroll of amnesia {unknown}
Potions
 i - 2 potions of flight {unknown}
 k - 3 potions of lignification {unknown}
 l - 3 potions of brilliance {unknown}
 m - a potion of haste {unknown}
 t - 4 potions of curing {unknown}
 u - a potion of magic {unknown}
 v - a potion of degeneration {unknown}
 z - a potion of attraction {unknown}
 B - 3 potions of mutation {unknown}
 C - 3 potions of heal wounds {unknown}


   Skills:
 + Level 7.2 Fighting
 * Level 11.5 Polearms
 + Level 5.2 Throwing
 + Level 4.5 Armour
 + Level 8.2 Dodging
 + Level 5.2 Evocations


You had 9 spell levels left.
You didn't know any spells.
Your spell library was empty.

Dungeon Overview and Level Annotations

Branches:
Dungeon (10/15)            Temple (0/1) D:6
   Lair: D:8-11         Orc: D:9-12

Altars:
Cheibriados
Nemelex Xobeh
Okawaru
Ru

Shops:
D:4 (   D:6 [


Innate Abilities, Weirdness & Mutations

((You are very nimble when in or above water. (Stealth+, EV+, Speed+++)))
Your lower body shifts to a powerful aquatic tail in water.


Message History

Unknown command.
You puncture the wight!
You destroy the wight!
Trog accepts your kill.
Unknown command.
You reach to attack!
You puncture the wight!
The wight is heavily damaged.
Unknown command.
You reach to attack!
You hit the wight but do no damage.
The wight is heavily damaged.
Unknown command.
You puncture the wight!
You destroy the wight!
Trog accepts your kill.
Your life force feels restored.
Unknown command.
No target in view!
Unknown command.
No target in view!
Unknown command.
A steam dragon comes into view.
The steam dragon hisses angrily.
Things that are here:
a +4 war axe; a +0 robe The steam dragon breathes steam at you.
The ball of steam misses you.
You hear a shout!
You are engulfed in a cloud of scalding steam.
An orc comes into view. It is wielding a +0 dagger.
The orc shouts!
You hit the steam dragon but do no damage.
The steam dragon barely misses you. The steam dragon claws you.
Unknown command.
You hit the steam dragon but do no damage.
The steam dragon completely misses you.
The steam dragon claws you but does no damage.
An orc comes into view. It is wielding a +3 whip of pain.
You closely miss the steam dragon.
Unknown command.
Unknown command.
You puncture the steam dragon!
The steam dragon is heavily wounded.
The steam dragon breathes steam at you. The ball of steam hits you!!
Unknown command.
You are too injured to fight recklessly!
Unknown command.
You are too injured to fight recklessly!
Unknown command.
You are too injured to fight recklessly!
Unknown command.
You are too injured to fight recklessly!
Unknown command.
You hit the steam dragon.
The steam dragon is severely wounded.
You are engulfed in a cloud of scalding steam.
The steam dragon bites you. You block the steam dragon's attack.
You closely miss the steam dragon.
The steam dragon is severely wounded.
You are engulfed in a cloud of scalding steam.
* * * LOW HITPOINT WARNING * * *
The steam dragon bites you but does no damage.
The steam dragon closely misses you.
Unknown command.
Okay, then.
Unknown command.
A red film seems to cover your vision as you go berserk!
You feel yourself moving faster!
You feel mighty!
You are engulfed in a cloud of scalding steam.
* * * LOW HITPOINT WARNING * * *
The steam dragon breathes steam at you. The ball of steam hits you!
* * * LOW HITPOINT WARNING * * *
The orc is engulfed in a cloud of scalding steam.
You block the orc's attack.
You hear a shout!
You puncture the steam dragon!
You kill the steam dragon!
Trog accepts your kill.
The steam dragon scales are intact enough to wear.
You are engulfed in a cloud of scalding steam.
* * * LOW HITPOINT WARNING * * *
You closely miss the orc.
The orc is heavily wounded.
An orc warrior comes into view. It is wielding a +0 hand axe.
The orc hits you with a +0 dagger.
* * * LOW HITPOINT WARNING * * *
You impale the orc!!
You kill the orc!
Trog accepts your kill.
Unknown command.
Reach: a) +2 trident (vorpal)
Press: ? - help, Dir - move target, f - orc
Aim: an orc, wielding a +3 whip of pain and wearing a +0 leather armour (about 30% to evade your +2 vorpal trident)
You reach to attack!
You puncture the orc!
You kill the orc!
Trog accepts your kill.
The orc warrior unwields a +0 hand axe.
The orc warrior wields a +0 arbalest.
The orc warrior shoots a bolt.
The bolt hits you!
You die...

.... # #..... .#
#.....# ...
#.....#######....
#................
#................
#........@)).....
#.........[......
#.....)..........
#.....)..........
#................
#.......#####....
#.......# ....
#.####### ..o #)#


You could see an orc warrior.

Vanquished Creatures
  A two-headed ogre (D:10)
  A gargoyle (D:10)
  2 hornets
  Prince Ribbit (D:7)
  A troll (D:9)
  A vampire (D:10)
  3 steam dragons
  A water moccasin (D:7)
  2 ice beasts
  2 sky beasts (D:7)
  2 black bears
  2 ogres (D:6)
  A centaur (D:10)
  3 kobold brigands
  A bullfrog (D:7)
  A gnoll sergeant (D:8)
  4 scorpions
  8 wights
  2 jellies
  3 hounds
  2 gnoll boudas
  4 iguanas
  3 orc wizards
  Natasha (thrice) (D:4)
  Robin (D:2)
  13 gnolls
  9 adders
  2 white imps
  3 worms
  2 dart slugs
  16 orcs
  3 bats
  6 endoplasms
  4 giant cockroaches
  16 goblins
  10 hobgoblins
  6 jackals
  18 kobolds
  A quokka (D:4)
  7 ball pythons
  2 frilled lizards
  7 rats
180 creatures vanquished.

Notes
Turn   | Place    | Note
-------+----------+-------------------------------------------
     0 | D:1      | magipi the Merfolk Berserker began the quest for the Orb.
     0 | D:1      | Reached XP level 1. HP: 18/18 MP: 1/1
   336 | D:1      | Reached XP level 2. HP: 24/24 MP: 2/2
   456 | D:1      | Found a faded altar of an unknown god.
   604 | D:1      | Reached XP level 3. HP: 29/29 MP: 3/3
  1060 | D:2      | Reached ** piety under Trog
  1180 | D:2      | Noticed Robin
  1199 | D:2      | Killed Robin
  1200 | D:2      | Reached skill level 5 in Polearms
  1203 | D:2      | Reached XP level 4. HP: 37/37 MP: 4/4
  1967 | D:3      | Found a sacrificial altar of Ru.
  2387 | D:3      | Reached XP level 5. HP: 42/42 MP: 5/5
  2592 | D:4      | Found Urrumafi's Weapon Emporium.
  2945 | D:4      | Reached skill level 6 in Polearms
  2945 | D:4      | Reached skill level 1 in Evocations
  2945 | D:4      | Reached XP level 6. HP: 43/48 MP: 6/6
  3084 | D:4      | Reached skill level 1 in Throwing
  3233 | D:4      | Noticed Natasha
  3245 | D:4      | Killed Natasha
  3388 | D:4      | Noticed Natasha
  3395 | D:4      | Killed Natasha
  3467 | D:4      | Noticed Natasha
  3478 | D:4      | Killed Natasha
  3568 | D:4      | Reached XP level 7. HP: 46/55 MP: 7/7
  3791 | D:5      | Entered Level 5 of the Dungeon
  3893 | D:5      | Reached skill level 7 in Polearms
  4040 | D:5      | Reached skill level 5 in Dodging
  4281 | D:5      | Found a sparkling altar of Nemelex Xobeh.
  4852 | D:5      | Reached *** piety under Trog
  4982 | D:6      | Reached skill level 5 in Fighting
  5010 | D:6      | Reached XP level 8. HP: 62/62 MP: 8/8
  5246 | D:6      | Reached skill level 8 in Polearms
  5736 | D:6      | Found Kiwnomis's Armour Shoppe.
  5841 | D:6      | Found a staircase to the Ecumenical Temple.
  6538 | D:7      | Reached skill level 9 in Polearms
  6538 | D:7      | Reached XP level 9. HP: 69/69 MP: 9/9
  6675 | D:7      | Found an iron altar of Okawaru.
  6908 | D:7      | You fall into a shaft and drop 3 floors!
  6908 | D:10     | Entered Level 10 of the Dungeon
  6931 | D:10     | Noticed a two-headed ogre
  6954 | D:10     | Killed a two-headed ogre
  7039 | D:10     | Noticed a gargoyle
  7055 | D:10     | Killed a gargoyle
  7056 | D:10     | Reached skill level 10 in Polearms
  7498 | D:9      | Noticed a hornet
  7506 | D:9      | Paralysed by a hornet for 3 turns
  7511 | D:9      | Killed a hornet
  7691 | D:9      | Noticed a skeletal warrior
  7691 | D:9      | Noticed a skeletal warrior
  7691 | D:9      | Noticed a skeletal warrior
  7691 | D:9      | Noticed a skeletal warrior
  7771 | D:8      | Reached XP level 10. HP: 77/77 MP: 10/10
  8265 | D:8      | Paralysed by a hornet for 2 turns
  8273 | D:8      | Reached skill level 11 in Polearms
  8375 | D:7      | Noticed Prince Ribbit
  8395 | D:7      | Killed Prince Ribbit
  8709 | D:8      | Found a snail-covered altar of Cheibriados.
  8759 | D:8      | Reached skill level 5 in Throwing
  8759 | D:8      | Reached skill level 5 in Evocations
  9132 | D:9      | Shot with a bolt by an orc warrior

Illustrated notes

Levels and vault maps discovered:
D:1:      dpeg_arrival_tiny_b, layout_basic, hellmonk_ecumenical_altar_blasted
D:2:      layout_loops_corners, uniq_robin
D:3:      layout_basic, nicolae_ru_sacrificial_ziggurat,
          chequers_decorated_corner, amcnicky_mini_rare_corridor_liquid,
          hangedman_decor_opposing
D:4:      wad_pebble_path, layout_cave_pools, serial_shops, shop, uniq_natasha
D:5:      layout_loops_corners, mainiacjoe_overflow_surrounded_room
D:6:      layout_loops_ring, minmay_temple_entry_fiery, serial_shops, shop
D:7:      layout_gridville, okawaru_trees_2, minmay_crystal_room,
          uniq_prince_ribbit1
D:8:      layout_basic, lemuel_doored_altar
D:9:      layout_irregular_city, enter_bailey_5
D:10:     hangedman_cross_veins, layout_stronghold, enter_trove_2

Skill      XL: |  1  2  3  4  5  6  7  8  9 10 |
---------------+-------------------------------+-----
Dodging        | 3 4 5 6 7 8 |  8.2
Polearms       | 5 6 7 9 10 11 | 11.5
Armour         | 2 3 4 |  4.5
Fighting       | 4 5 6 7 |  7.2
Evocations     | 1 2 3 4 5 |  5.2
Throwing       | 1 2 3 4 5 |  5.2

Action                   |  1- 3 |  4- 6 |  7- 9 | 10-12 || total
-------------------------+-------+-------+-------+-------++-------
Melee: Spear             |   111 |   209 |    59 |       ||   379
       Punch             |     1 |     3 |       |       ||     4
       Trident           |       |       |   268 |   131 ||   399
Invok: Berserk           |     1 |     7 |    16 |     6 ||    30
 Stab: Sleeping          |       |     2 |     2 |       ||     4
Armor: Animal skin       |     9 |       |       |       ||     9
       Ring mail         |     5 |    34 |    74 |     4 ||   117
       Chain mail        |       |       |       |    21 ||    21
Dodge: Dodged            |    60 |    95 |   125 |    42 ||   322
Block: Buckler           |       |       |    26 |    11 ||    37

Table legend: (Time is in decaauts)
 A = Elapsed time spent in this place.
 B = Non-inter-level travel time spent in this place.
 C = Inter-level travel time spent in this place.
 D = Time resting spent in this place.
 E = Time spent auto-exploring this place.
 F = Levels seen in this place.
 G = Mean time per level.
                   A        B        C        D        E       F      G
               +--------+--------+--------+--------+--------+-----+--------+
         Total |   9289 |   8985 |    304 |   2205 |   3563 |  10 |  928.9 |
       Dungeon |   9289 |   8985 |    304 |   2205 |   3563 |  10 |  928.9 |
               +--------+--------+--------+--------+--------+-----+--------+

Top non-repeatable levels by time:
     D:7: 1322 daAuts
     D:5: 1201 daAuts
     D:6: 1142 daAuts
     D:4: 1137 daAuts
     D:1: 1008 daAuts
     D:2: 897 daAuts
     D:8: 827 daAuts
     D:3: 799 daAuts
    D:10: 608 daAuts
     D:9: 343 daAuts
